AoeStats
← 297539664

Lombardia

510105771Analyzed
4v4 RM · 2d ago on Sep 29, 2026· 43m 36s· 8 players
Game mode
Random Map
Map size
Large (8 player)
Population
200
Speed
Normal
Resources
Standard
Victory
Conquest
Starting age
Dark Age
Ending age
Imperial Age
RankedLock teamsTeams togetherTeam positionsShared explorationLock speedFull tech treeHidden civsTurbo modeCheats
Victory
Defeat
🇹🇼 Italians · Taiwan
1354
+16
🇨🇳 Franks · China
1328
+17
🇩🇪 Byzantines · Germany
1318
+18
🇹🇼 Britons · Taiwan
1304
+18
🇨🇳 Magyars · China
1486
-22
🇫🇷 Mongols · France
1343
-17
🇨🇳 Dravidians · China
1317
-16
🇨🇳 Franks · China
1275
-14
297539664
6:47 Loom
11:28 Feudal Age
15:03 Castle Age
12:59 Double-Bit Axe
17:05 Bow Saw
24:12 Wheelbarrow
26:10 Gold Mining
27:53 Gold Shaft Mining
30:36 Imperial Age
28:20 Scale Barding Armor
30:32 Husbandry
30:53 Chain Barding Armor
30:44 Forging
30:39 Cavalier
32:45 Plate Barding Armor
32:42 Conscription
32:34 Chivalry
33:09 Hand Cart
32:39 Paladin
42:28 Caravan
43:29 Spies/Treason
Elron69
10:34 Feudal Age
11:32 Double-Bit Axe
11:54 Loom
16:22 Castle Age
14:51 Horse Collar
17:39 Bow Saw
26:48 Wheelbarrow
27:17 Squires
27:47 Hand Cart
27:33 Heavy Plow
28:00 Scale Mail Armor
27:58 Fletching
28:35 Bodkin Arrow
29:09 Padded Archer Armor
28:38 Elite Skirmisher
30:34 Ballistics
32:46 Imperial Age
32:13 Gold Mining
32:14 Stone Mining
34:33 Chemistry
34:35 Two-Man Saw
34:06 Crop Rotation
33:38 Bracer
34:44 Leather Archer Armor
34:11 Treadmill Crane
34:41 Pikeman
35:23 Squires
35:55 Ring Archer Armor
35:26 Scale Mail Armor
36:16 Forging
35:53 Halberdier
36:58 Thumb Ring
40:42 Conscription
41:08 Hoardings
41:37 Chain Mail Armor
42:02 Conscription
武田信長
9:07 Loom
10:53 Feudal Age
15:16 Castle Age
13:15 Double-Bit Axe
13:13 Horse Collar
17:03 Bow Saw
17:27 Heavy Plow
18:52 Stone Mining
27:16 Wheelbarrow
30:37 Imperial Age
28:11 Fletching
28:22 Padded Archer Armor
28:16 Town Watch
28:42 Gold Mining
29:08 Padded Archer Armor
29:44 Ballistics
29:35 Fortified Wall
29:36 Masonry
29:09 Treadmill Crane
30:24 Leather Archer Armor
30:49 Bodkin Arrow
31:15 Thumb Ring
32:22 Chemistry
31:54 Bracer
32:24 Ring Archer Armor
32:45 Ring Archer Armor
33:13 Stone Shaft Mining
33:48 Hand Cart
33:33 Town Patrol
34:07 Masonry
34:54 Elite Genoese Crossbowman
35:55 Conscription
36:53 Two-Man Saw
36:43 Architecture
36:10 Murder Holes
Alexander
10:18 Feudal Age
14:29 Castle Age
12:33 Double-Bit Axe
14:30 Horse Collar
16:38 Bow Saw
23:17 Loom
24:10 Wheelbarrow
29:32 Imperial Age
27:47 Gold Mining
28:10 Fletching
27:44 Pikeman
29:18 Gold Shaft Mining
29:05 Ballistics
29:26 Bodkin Arrow
29:44 Town Watch
32:46 Conscription
32:47 Yeomen
32:40 Scale Mail Armor
32:51 Forging
33:22 Squires
33:25 Bracer
33:51 Padded Archer Armor
35:11 Hand Cart
34:55 Halberdier
36:18 Chain Mail Armor
36:42 Iron Casting
38:24 Plate Mail Armor
38:27 Leather Archer Armor
39:00 Elite Longbowman
40:48 Warwolf
43:03 Blast Furnace
42:34 Ring Archer Armor
43:29 Arson
44:49 Chemistry
43:56 Siege Engineers
NightArea86
3:23 Loom
10:18 Feudal Age
12:03 Double-Bit Axe
19:00 Castle Age
19:52 Horse Collar
20:23 Bow Saw
27:11 Fletching
28:33 Town Watch
29:24 Wheelbarrow
31:13 Bodkin Arrow
34:50 Imperial Age
32:36 Scale Barding Armor
34:53 Heavy Scorpion
35:56 Conscription
35:58 Drill
36:42 Capped Ram
38:35 Chemistry
37:46 Siege Ram
cyfantax
10:13 Feudal Age
13:53 Castle Age
12:19 Double-Bit Axe
15:22 Wheelbarrow
14:30 Horse Collar
16:42 Heavy Plow
20:09 Loom
20:49 Stone Mining
21:53 Gold Mining
25:15 Hand Cart
27:06 Fletching
28:57 Bodkin Arrow
33:52 Imperial Age
31:58 Ballistics
32:05 Thumb Ring
32:23 Padded Archer Armor
32:39 Medical Corps
33:47 Leather Archer Armor
34:10 Elite Elephant Archer
35:35 Wootz Steel
36:05 Fortified Wall
36:27 Bracer
37:50 Chemistry
39:15 Conscription
38:53 Elite Skirmisher
40:16 Siege Elephant
大理段正纯
11:12 Feudal Age
15:41 Castle Age
13:49 Double-Bit Axe
16:20 Wheelbarrow
17:50 Bow Saw
19:00 Hand Cart
22:57 Loom
22:59 Town Watch
24:02 Gold Mining
25:30 Gold Shaft Mining
30:01 Imperial Age
27:35 Town Patrol
29:15 Husbandry
29:23 Scale Barding Armor
29:29 Forging
30:28 Cavalier
31:34 Conscription
31:57 Chain Barding Armor
32:13 Iron Casting
32:23 Chivalry
32:33 Paladin
34:29 Plate Barding Armor
35:33 Blast Furnace
很蓝的啦
6:27 Loom
6:51 Loom
9:18 Feudal Age
10:20 Double-Bit Axe
11:00 Horse Collar
15:53 Bloodlines
17:54 Town Watch
20:41 Castle Age
19:25 Scale Barding Armor
19:22 Gold Mining
20:50 Light Cavalry
21:31 Husbandry
21:53 Chain Barding Armor
22:20 Heavy Plow
22:31 Bow Saw
23:37 Gold Shaft Mining
22:52 Stone Mining
30:44 Wheelbarrow
29:54 Town Watch
32:04 Town Patrol
31:57 Fletching
32:07 Padded Archer Armor
31:57 Treadmill Crane
33:12 Hand Cart
34:18 Fletching
34:28 Padded Archer Armor
36:59 Imperial Age
34:34 Corvinian Army
35:53 Thumb Ring
38:05 Conscription
38:23 Parthian Tactics
37:53 Bodkin Arrow
38:44 Leather Archer Armor
38:55 Recurve Bow
39:10 Elite Magyar Huszar
39:56 Recurve Bow
39:59 Bracer
40:29 Ring Archer Armor
39:31 Elite Skirmisher
40:31 Caravan
41:01 Coinage
Connection lost

Rejoining the realm…

Still unreachable

The connection could not be restored.

Session expired

The server has moved on; the page needs a fresh start.